 Dungeon Crawl Stone Soup version 0.27.0-1-g7a089689b8 (webtiles) character file.

Game seed: 17030421435797344253

95 satelitko the Covered (level 4, 0/35 HPs)
             Began as a Human Fighter on Aug 6, 2021.
             Slain by a bat (1 damage)
             ... on level 3 of the Dungeon.
             The game lasted 00:19:44 (3648 turns).

satelitko the Covered (Human Fighter)               Turns: 3648, Time: 00:19:45

Health: 0/35       AC:  8    Str: 17    XL:     4   Next: 97%
Magic:  4/4        EV:  7    Int:  8    God:
Gold:   93         SH:  9    Dex: 13    Spells: 3/3 levels left

rFire    . . .     SeeInvis .   a - +0 long sword
rCold    . . .     Faith    .   c - +0 kite shield
rNeg     . . .     Spirit   .   b - +0 scale mail
rPois    .         Reflect  .   (no helmet)
rElec    .         Harm     .   j - +0 cloak
rCorr    .         Rampage  .   (no gloves)
Will     .....                  (no boots)
Stlth    ..........             (no amulet)
HPRegen  0.11/turn              (no ring)
MPRegen  0.09/turn              (no ring)

@: no status effects
A: no striking features
a: no special abilities


You were on level 3 of the Dungeon.
You visited 1 branch of the dungeon, and saw 3 of its levels.

You collected 93 gold pieces.

Inventory:

Hand Weapons
 a - a +0 long sword (weapon)
Missiles
 g - 33 stones (quivered)
 h - 11 arrows
 p - 15 sling bullets
 t - 49 bolts
Armour
 b - a +0 scale mail (worn)
 c - a +0 kite shield (worn)
 j - a +0 cloak (worn)
Jewellery
 k - a ring of fire
 m - a ring of magical power
Scrolls
 e - a scroll of fog {unknown}
 i - a scroll of enchant weapon {unknown}
 l - 2 scrolls of teleportation {unknown}
 n - a scroll of identify {unknown}
 x - a scroll of noise {unknown}
 z - a scroll of fear {unknown}
 A - a scroll of blinking {unknown}
Potions
 d - 2 potions of might
 f - a potion of cancellation {unknown}


   Skills:
 + Level 3.5 Fighting
 + Level 2.9 Long Blades
 + Level 3.8 Armour
 + Level 0.8 Dodging
 + Level 3.4 Shields


You had 3 spell levels left.
You didn't know any spells.
Your spell library was empty.

Dungeon Overview and Level Annotations

Branches:
Dungeon (3/15)

Altars:

Shops:
D:2 *

Annotations:
D:3 Sigmund


Message History

You block the jackal's attack.
You hit the jackal.
You kill the jackal!
The bat hits you but does no damage.
You hit the hobgoblin.
The hobgoblin is severely wounded.
The hobgoblin hits you but does no damage.
Something hits you but does no damage.
You closely miss the hobgoblin.
The hobgoblin is severely wounded.
The hobgoblin hits you but does no damage.
Something hits you. The hobgoblin closely misses you.
You hit the hobgoblin.
You kill the hobgoblin!
The bat hits you.
You hear some strange, mumbled words.
Something tries to affect you, but you resist.
Something hits you. The jackal bites you.
You closely miss the jackal. The jackal barely misses you. Something hits you.
* * * LOW HITPOINT WARNING * * *
You block the jackal's attack.
You hit the jackal.
You kill the jackal!
You block the bat's attack. x2; Something hits you but does no damage.
The bat hits you but does no damage. Something hits you but does no damage.
You closely miss the bat. The bat hits you but does no damage.
You block something's attack.
You hit the giant cockroach.
You kill the giant cockroach!
The bat closely misses you. The bat barely misses you. Something hits you.
* * * LOW HITPOINT WARNING * * *
Something completely misses you.
A jackal comes into view.
The jackal barks!
You block the bat's attack. Something hits you.
* * * LOW HITPOINT WARNING * * *
Things that are here:
a giant cockroach corpse; a jackal corpse; a jackal corpse The bat hits you.
You die...

... ... ... #
#.# .. .... ..
#.# .. ..... ...
#.# .
##.b###.#.#
.........#.#
...........#
.##..###<#.#####
......h.@b......
..#.####†#.#####
#)#... #.# ....
#.# ..... #.#
#### #.# #.# ...


You could see a jackal and a bat.

Vanquished Creatures
  A hound skeleton (D:2)
  3 adders (D:2)
  A dart slug (D:2)
  4 ball pythons
  3 bats
  2 endoplasms (D:1)
  5 giant cockroaches
  6 goblins
  2 hobgoblins
  9 jackals
  3 kobolds
  A quokka (D:1)
  6 rats
46 creatures vanquished.

Notes
Turn   | Place    | Note
-------+----------+-------------------------------------------
     0 | D:1      | satelitko the Human Fighter began the quest for the Orb.
     0 | D:1      | Reached XP level 1. HP: 18/18 MP: 1/1
   690 | D:1      | Reached XP level 2. HP: 12/24 MP: 2/2
   882 | D:1      | Found a faded altar of an unknown god.
  1564 | D:1      | Reached XP level 3. HP: 29/29 MP: 3/3
  2396 | D:2      | Reached XP level 4. HP: 24/35 MP: 4/4
  2948 | D:2      | Found Maex's General Store.
  3288 | D:3      | Noticed Sigmund
  3647 | D:3      | HP: 1/35 [something (6)]
  3648 | D:3      | Slain by a bat

Illustrated notes

Levels and vault maps discovered:
D:1:      lemuel_arrival_river_ford, layout_basic,
          chequers_ecumenical_altar_island, dk_noncrumbling_4, nrook_mini_vaults
D:2:      layout_basic, serial_shops, nicolae_shop_behind_doors
D:3:      layout_basic, zin_angel, uniq_robin, uniq_sigmund, uniq_terence

Action                   |  1- 3 |  4- 6 || total
-------------------------+-------+-------++-------
Melee: Long sword        |   114 |    67 ||   181
  Use: Potion            |       |     1 ||     1
Armor: Scale mail        |    54 |    54 ||   108
Dodge: Dodged            |    41 |    41 ||    82
Block: Kite shield       |    71 |    55 ||   126
       Rpst.: Long sword |    10 |     9 ||    19
